 Dungeon Crawl Stone Soup version 0.19-b1-3-g7dea586 (webtiles) character file.

10896 Mesmaeker13 the Fighter (level 11, -2/90 HPs)
             Began as a Demonspawn Gladiator on Oct 28, 2016.
             Was a High Priest of Cheibriados.
             Slain by an ice beast (12 damage)
             ... summoned by an ice statue
             ... in an ice cave.
             The game lasted 00:30:18 (10660 turns).

Mesmaeker13 the Fighter (Demonspawn Gladiator)     Turns: 10660, Time: 00:30:19

Health: -2/90      AC: 19    Str: 35 (36) XL:     11   Next: 42%
Magic:  16/16      EV: 10    Int: 20      God:    Cheibriados [*****.]
Gold:   645        SH: 19    Dex: 24      Spells: 0 memorised, 10 levels left

rFire  + . .     SeeInvis +     B - +6 morningstar of Capital Punishment {venom, Str+2}
rCold  . . .     Gourm    .     x - +0 chain mail {rF+}
rNeg   . . .     Faith    .     a - +6 shield "Buthoeji" {rPois MR- SInv Stlth+}
rPois  +         Spirit   .     (helmet restricted)
rElec  .         Reflect  .     m - +2 cloak {rPois}
rCorr  .         Harm     .     b - +1 pair of gloves
MR     .....                    (no boots)
Stlth  ..........               t - amulet of magic regeneration
                                (no ring)
                                z - ring of flight

@: mighty, very slow
A: antennae 1, talons 1, yellow scales 2, clumsy 1, deterioration 1
a: Bend Time, Temporal Distortion, Slouch, Step From Time, Renounce Religion,
Evoke Flight


You were in an ice cave.
You worshipped Cheibriados.
Cheibriados was extremely pleased with you.
You were not hungry.

You visited 2 branches of the dungeon, and saw 12 of its levels.
You also visited: Ice Cave.

You collected 645 gold pieces.

Inventory:

Hand Weapons
 n - a +0 trident of piercing
 B - the +6 morningstar of Capital Punishment (weapon) {venom, Str+2}
   (You found it on level 9 of the Dungeon)

   It poisons the flesh of those it strikes.
   It affects your strength (+2).
 C - a +0 blowgun
Missiles
 I - 2 curare-tipped needles
Armour
 a - the +6 shield "Buthoeji" (worn) {rPois MR- SInv Stlth+}
   (You found it on level 5 of the Dungeon)

   It protects you from poison.
   It affects your resistance to hostile enchantments.
   It lets you see invisible.
   It makes you more stealthy.
 b - a +1 pair of gloves (worn)
 m - a +2 cloak of poison resistance (worn)
 x - a +0 chain mail of fire resistance (worn)
Jewellery
 t - an amulet of magic regeneration (around neck)
 z - a ring of flight (left hand)
 A - an uncursed ring of fire
Wands
 l - a wand of teleportation (4/9)
 K - a wand of flame (18/48)
Scrolls
 c - a scroll of teleportation
 e - a scroll of holy word {unknown}
 g - 4 scrolls of remove curse
 k - 3 scrolls of fog
 o - a scroll of amnesia
 v - a scroll of enchant weapon {unknown}
 w - a scroll of enchant armour
 y - 3 scrolls of blinking
 G - a scroll of identify
Potions
 i - 2 potions of berserk rage
 q - a potion of flight
 r - 3 potions of curing
 s - a potion of cure mutation
 D - a potion of cancellation
 E - a potion of degeneration
 H - a potion of magic
 J - a potion of might
 L - a potion of invisibility {unknown}
Comestibles
 d - 6 slices of pizza
 f - 6 bread rations
 h - 14 fruits
 p - 7 meat rations
 u - a chunk of flesh
 F - a beef jerky


   Skills:
 + Level 10.0 Fighting
 + Level 8.0 Polearms
 - Level 1.7 Throwing
 + Level 8.6 Armour
 - Level 2.6 Dodging
 - Level 6.4 Shields
 + Level 6.9 Invocations


You had 10 spell levels left.
You didn't know any spells.

Dungeon Overview and Level Annotations

Branches:
Dungeon (11/15)            Temple (1/1) D:7             Orc (0/2) D:10
   Lair: D:8-11

Altars:
Ashenzari
Cheibriados
Dithmenos
Elyvilon
Fedhas
Gozag
Hepliaklqana
Kikubaaqudgha
Makhleb
Nemelex Xobeh
Okawaru
Qazlal
Ru
Sif Muna
Trog
Uskayaw
Vehumet
Xom
Yredelemnul
Zin
The Shining One
Beogh

Shops:
D:7 [   D:8 *   D:9 [

Annotations:
D:9 manyhoops's ghost, novice OgHu IceCv exclusion: ice statue


Innate Abilities, Weirdness & Mutations

You have a pair of small antennae on your head.
You are mostly covered in yellow scales. (AC +3)
You have sharp toenails.
You are clumsy. (Dex -2)
Your body sometimes deteriorates upon taking damage.


Message History

The ice statue gestures at you. The bolt of cold hits you!
Your body deteriorates!
You feel weakened. You block the ice beast's attack.
The ice beast hits you but does no damage. x2
You completely miss the ice statue.
You claw the ice statue, but do no damage.
The ice statue is severely damaged.
The ice statue gestures at you. The freezing blast hits you!
* * * LOW HITPOINT WARNING * * *
You block the ice beast's attack. x2
The ice beast hits you but does no damage.
The ice statue glitters chillingly in the dim dungeon light.
You thump the ice statue! You claw the ice statue!
The ice statue is almost destroyed.
You block the ice beast's attack. x2; The ice beast hits you.
* * * LOW HITPOINT WARNING * * *
The ice beast freezes you!
You die...

## # ##.# .#
####..#..#
##..Y8Y.#
##†..Y@#
{#§§##.##
#.§#####
#§####.##
#§.#....#
##......##
#...###..##
##.#####..##
###.###...#


You could see an ice statue and 3 ice beasts.

Vanquished Creatures
  A hydra (D:8)
  A hill giant (D:10)
  A centaur zombie (D:10)
  A centaur skeleton (D:10)
  A gargoyle (D:10)
  A two-headed ogre (D:8)
  A polar bear (IceCv)
  Grinder (D:4)
  2 dream sheep (D:8)
  2 hippogriffs
  Sigmund (D:5)
  4 wyverns
  2 wraiths (D:10)
  8 yaks
  A hungry ghost (D:10)
  Eustachio (D:4)
  4 orc warriors
  A porcupine (shapeshifter) (D:7)
  A phantom (D:7)
  5 sky beasts
  2 ice beasts
  4 ogres
  2 necrophages
  3 wolves (IceCv)
  10 centaurs
  5 big kobolds
  4 bullfrogs
  Blork the orc (D:5)
  A scorpion (D:4)
  7 killer bees
  4 wights (D:7)
  A howler monkey (D:9)
  2 crimson imps
  2 bullfrog zombies
  6 orc priests
  Crazy Yiuf (D:2)
  A hound (D:4)
  2 jellies
  3 bullfrog skeletons
  10 orc wizards
  A gnoll shaman (D:5)
  An iguana (D:6)
  8 worker ants
  2 hound skeletons
  A worker ant zombie (D:11)
  11 adders
  A shadow imp (D:9)
  An adder skeleton (D:6)
  3 worms
  2 dart slugs (D:1)
  5 leopard geckos
  34 orcs
  4 ball pythons
  10 bats
  7 giant cockroaches
  9 goblins
  5 hobgoblins
  22 jackals
  21 kobolds
  7 quokkas
  7 frilled lizards
  A leopard gecko zombie (D:5)
  7 rats
  A fungus (D:2)
282 creatures vanquished.

Vanquished Creatures (collateral kills)
  An orc warrior (D:9)
  2 killer bees (D:9)
  An orc priest (D:9)
  3 orcs (D:9)
7 creatures vanquished.

Vanquished Creatures (others)
  A yak (IceCv)
  2 wolves (IceCv)
  A hound zombie (D:7)
  2 plants (D:8)
6 creatures vanquished.

Grand Total: 295 creatures vanquished

Notes
Turn   | Place    | Note
-------+----------+-------------------------------------------
     0 | D:1      | Mesmaeker13 the Demonspawn Gladiator began the quest for the Orb.
     0 | D:1      | Reached XP level 1. HP: 16/16 MP: 1/1
   286 | D:1      | Gained mutation: You are partially covered in yellow scales. (AC +2) [demonic ancestry]
   286 | D:1      | Reached XP level 2. HP: 21/22 MP: 2/2
   382 | D:1      | Reached skill level 1 in Shields
   541 | D:1      | Reached XP level 3. HP: 28/28 MP: 3/3
  1186 | D:2      | Reached skill level 3 in Fighting
  1242 | D:2      | Gained mutation: You have a pair of small antennae on your head. [demonic ancestry]
  1242 | D:2      | Reached XP level 4. HP: 32/35 MP: 4/4
  1534 | D:2      | You fall through a shaft for 2 floors!
  1565 | D:4      | Reached skill level 1 in Armour
  1802 | D:4      | Noticed Eustachio
  2009 | D:3      | Found a white marble altar of Elyvilon.
  2529 | D:3      | Reached XP level 5. HP: 41/41 MP: 5/5
  2760 | D:2      | Found a runed door.
  2773 | D:2      | Noticed Crazy Yiuf
  2779 | D:2      | Killed Crazy Yiuf
  2967 | D:4      | Reached XP level 6. HP: 48/48 MP: 6/6
  3057 | D:4      | Reached skill level 4 in Fighting
  3322 | D:4      | Killed Eustachio
  3358 | D:4      | Noticed Grinder
  3370 | D:4      | Killed Grinder
  3370 | D:4      | Reached XP level 7. HP: 55/55 MP: 7/7
  3430 | D:4      | Found a shimmering altar of Xom.
  3431 | D:4      | Found a hazy altar of Hepliaklqana.
  3431 | D:4      | Noticed a hell beast
  3432 | D:4      | Noticed a spectral ugly thing
  3432 | D:4      | Noticed a hell beast
  3677 | D:4      | Reached skill level 5 in Fighting
  3716 | D:5      | Entered Level 5 of the Dungeon
  3776 | D:5      | Noticed Blork the orc
  3783 | D:5      | Killed Blork the orc
  3893 | D:5      | Got a polished shield
  3906 | D:5      | Reached XP level 8. HP: 35/63 MP: 8/8
  4307 | D:5      | Reached skill level 6 in Fighting
  4307 | D:5      | Reached skill level 5 in Shields
  4350 | D:5      | Noticed Sigmund
  4361 | D:5      | Killed Sigmund
  4651 | D:5      | Reached skill level 5 in Armour
  4915 | D:6      | Identified the +6 shield "Buthoeji" {rPois MR- SInv Stlth+} (You found it on level 5 of the Dungeon)
  5018 | D:6      | Found a bloodstained altar of Trog.
  5326 | D:7      | Reached XP level 9. HP: 56/71 MP: 9/9
  5631 | D:7      | Reached skill level 7 in Fighting
  5644 | D:7      | Found Obrempil's Armour Shop.
  5736 | D:7      | Found a staircase to the Ecumenical Temple.
  5806 | Temple   | Entered the Ecumenical Temple
  5914 | Temple   | Became a worshipper of Cheibriados the Contemplative
  6220 | D:7      | Reached skill level 5 in Polearms
  6419 | D:8      | Reached skill level 8 in Fighting
  6656 | D:8      | Reached * piety under Cheibriados
  6671 | D:8      | Found Paugam's General Store.
  6744 | D:8      | Noticed a two-headed hydra
  6768 | D:8      | Killed a two-headed hydra
  6768 | D:8      | Reached XP level 10. HP: 36/82 MP: 10/10
  7107 | D:9      | Found Vocvi's Antique Armour Shoppe.
  7352 | D:9      | Noticed manyhoops's ghost (novice OgHu)
  7355 | D:9      | Identified a scroll of acquirement
  7456 | D:9      | Reached skill level 1 in Invocations
  7525 | D:9      | Reached ** piety under Cheibriados
  7601 | D:9      | Got a fine morningstar
  7602 | D:9      | Identified the +6 morningstar of Capital Punishment {venom, Str+2} (You found it on level 9 of the Dungeon)
  7627 | D:9      | Found a glowing golden altar of the Shining One.
  7629 | D:9      | Found an iron altar of Okawaru.
  7631 | D:9      | Found a sparkling altar of Nemelex Xobeh.
  7659 | D:9      | Found a burning altar of Makhleb.
  7839 | D:9      | Reached skill level 9 in Fighting
  8077 | D:10     | Entered Level 10 of the Dungeon
  8471 | D:10     | Noticed a gargoyle
  8491 | D:10     | Killed a gargoyle
  9011 | D:10     | Reached *** piety under Cheibriados
  9084 | D:10     | Found a staircase to the Orcish Mines.
  9483 | D:10     | Reached skill level 5 in Invocations
  9522 | D:10     | Noticed a hill giant
  9539 | D:10     | Gained mutation: You are mostly covered in yellow scales. (AC +3) [demonic ancestry]
  9539 | D:10     | Reached XP level 11. HP: 83/89 MP: 14/14
  9549 | D:10     | Killed a hill giant
  9549 | D:10     | Reached **** piety under Cheibriados
  9592 | D:10     | Gained mutation: You have sharp toenails. [potion of mutation]
  9592 | D:10     | Gained mutation: You are clumsy. (Dex -2) [potion of mutation]
  9592 | D:10     | Gained mutation: Your body sometimes deteriorates upon taking damage. [potion of mutation]
  9708 | D:10     | Found a roughly hewn altar of Beogh.
  9932 | D:10     | Found a deep blue altar of Sif Muna.
 10324 | D:11     | Reached ***** piety under Cheibriados
 10424 | D:11     | Found a frozen archway.
 10437 | D:11     | Reached skill level 10 in Fighting
 10448 | IceCv    | Entered an ice cave
 10660 | IceCv    | Slain by an ice beast

Skill      XL: |  1  2  3  4  5  6  7  8  9 10 11 |
---------------+----------------------------------+-----
Polearms       | 3 4 6 7 8 |  8.0
Shields        | 1 2 3 4 5 6 |  6.4
Fighting       | 3 4 5 6 8 9 10 | 10.0
Armour         | 1 2 3 4 5 7 8 |  8.6
Invocations    | 5 6 |  6.9
Throwing       | |  1.7
Dodging        | |  2.6

Action                   |  1- 3 |  4- 6 |  7- 9 | 10-12 || total
-------------------------+-------+-------+-------+-------++-------
Melee: Trident           |   156 |   161 |   180 |   120 ||   617
       Quarterstaff      |       |    53 |   226 |       ||   279
       Morningstar       |       |       |       |   341 ||   341
       Kick              |       |       |       |    54 ||    54
Throw: Throwing net      |       |     3 |     3 |       ||     6
Invok: Bend Time         |       |       |       |     1 ||     1
Evoke: Wand              |       |     1 |     9 |     3 ||    13
  Use: Scroll            |     1 |     8 |     4 |    17 ||    30
       Potion            |       |     3 |     3 |     6 ||    12
 Stab: Sleeping          |     4 |       |       |       ||     4
       Confused          |       |       |     6 |     1 ||     7
       Petrified         |       |       |     2 |       ||     2
       Petrifying        |       |       |     1 |       ||     1
       Paralysed         |       |       |     9 |       ||     9
       Held in net/web   |       |       |     3 |       ||     3
  Eat: Chunk             |     1 |     7 |    10 |     6 ||    24
       Fruit             |       |       |     1 |     1 ||     2
       Pizza             |       |       |     1 |       ||     1
       Meat ration       |       |       |       |     2 ||     2
Armor: Leather armour    |    33 |       |       |       ||    33
       Chain mail        |    26 |   103 |   219 |   208 ||   556
Dodge: Dodged            |    70 |   104 |   119 |   152 ||   445
Block: Buckler           |    20 |    21 |       |       ||    41
       Shield            |       |       |   142 |   587 ||   729
